Cogmind - Beta 16 @@@ ROGUE MODE // 2026.01.07 @ 09:16:04 Player: oberon720 Result: Destroyed by IU-C3S(R) with Subdweller Laser Performance ------------- Evolutions (0) 0 Regions Visited (2) 400 Robots Destroyed (37) 185 Value Destroyed (780) 780 Prototype IDs (0) 0 Alien Tech Used (0) 0 Bonus (0) 0 TOTAL SCORE: 1365 Bonus ------- None Cogmind --------- Core Integrity 0/250 Matter 168/300 Energy 104/250 System Corruption 0% Temperature Cool (6) Movement Core (550) Ox10 Location -10/Subcaves Parts ------- > --- POWER (1) -------- Ion Engine > --- PROPULSION (2) --- (None) > --- UTILITY (2) ------ Large Storage Unit Power Shielding > --- WEAPON (2) ------- Heavy Assault Rifle Autogun > --- INVENTORY (15) --- Light Nuclear Core Large Storage Unit Large Storage Unit Power Shielding Beam Cannon Peak State ------------ > --- POWER ------------ Ion Engine > --- PROPULSION ------- Light Treads Wheel > --- UTILITY ---------- Small Storage Unit Small Storage Unit > --- WEAPON ----------- Heavy Assault Rifle Heavy Assault Rifle > --- INVENTORY -------- Light Treads Large Storage Unit Heavy Assault Rifle Heavy Assault Rifle Autogun Autogun [Rating: 10] Favorites ----------- Power Ion Engine Engine Ion Engine Propulsion Light Treads Treads Light Treads Wheel Wheel Utility Large Storage Unit Device Heat Sink Storage Large Storage Unit Protection Power Shielding Weapon Heavy Assault Rifle Energy Gun Medium Laser Energy Cannon Beam Cannon Ballistic Gun Heavy Assault Rifle Build | -11 -10 -10 ------- Run | Yrd Mat Sub Slots Evolved . | . . . Power . | . . . Propulsion . | . . . Utility . | . . . Weapon . | . . . Parts Attached 23 | 8 8 7 Power 3 | 1 1 1 Engine 3 | 1 1 1 Core . | . . . Reactor . | . . . Propulsion 4 | 3 1 . Treads 2 | 2 . . Leg . | . . . Wheel 2 | 1 1 . Hover . | . . . Flight . | . . . Utility 6 | 2 2 2 Device 1 | . 1 . Storage 4 | 2 1 1 Processor . | . . . Hackware . | . . . Protection 1 | . . 1 Artifact . | . . . Weapon 10 | 2 4 4 Energy Gun 1 | 1 . . Energy Cannon 2 | . . 2 Ballistic Gun 7 | 1 4 2 Ballistic Cannon . | . . . Launcher . | . . . Special Weapon . | . . . Impact Weapon . | . . . Slashing Weapon . | . . . Piercing Weapon . | . . . Special Melee Weapon . | . . . Unidentified Prototypes . | . . . Parts Lost 12 | . 5 7 Power 2 | . 1 1 Propulsion 4 | . 2 2 Utility 1 | . . 1 Weapon 5 | . 2 3 Highest Loss Streak 7 | . 4 7 To Critical Strikes . | . . . Average Backups 8 | 1 8 9 Power 1 | . 1 1 Propulsion . | 1 . . Utility 2 | . 2 3 Weapon 3 | . 3 3 Tool/Special . | . . . Unused Backups 3 | . . 3 Power 1 | . . 1 Propulsion . | . . . Utility 2 | . . 2 Weapon . | . . . Tool/Special . | . . . Average Slot Usage (%) 96 | . 97 77 Engine 13 | . 13 8 Treads 14 | . 14 10 Wheel 11 | . 12 8 Device 8 | . 8 11 Storage 18 | . 19 14 Ballistic Gun 26 | . 27 17 Peak Build Rating 10 | 7 10 10 Average Rating 9 | 4 9 7 On Entrance 5 | . 7 10 Avg Prop Armor Cover (%) 11 | 13 10 11 Naked Turns . | . . . Heaviest Build 36 | 18 36 32 Greatest Support 20 | 10 20 20 Greatest Overweight (x) 7 | 1 3 7 Average Overweight (x) 2 | . 2 2 Largest Inventory Capacity 15 | 8 15 15 Average Capacity 14 | 6 14 15 Most Carried 11 | 5 11 10 Average Carried 8 | 1 8 9 Final Capacity 15 | 8 15 15 Final Carried 10 | 1 10 5 Class Distribution -------------------- 100% | Mutant Dominant Class ---------------- Mutant | -10/Materials Mutant | -10/Subcaves Resources | -11 -10 -10 ----------- Run | Yrd Mat Sub Matter Collected 945 | 246 699 . Remotely . | . . . Salvage Created 1392 | 60 1277 55 Parts 78 | 3 74 1 Haulers Intercepted 2 | . 2 . Recyclers Shooed 2 | . 2 . Parts Field Recycled . | . . . Retrieved Matter . | . . . Parts Self-Destructed 4 | . . 4 Prevented . | . . . Parts Restored . | . . . Kills | -11 -10 -10 ------- Run | Yrd Mat Sub Combat Hostiles Destroyed 23 | . 22 1 Guns 22 | . 22 . Cannons 1 | . . 1 Classes Destroyed 9 | 1 7 1 Worker 1 | . 1 . Builder 2 | . 2 . Tunneler 1 | . 1 . Hauler 2 | . 2 . Recycler 5 | 1 4 . Watcher 3 | . 3 . Swarmer 6 | . 6 . Grunt 16 | . 16 . Subdweller 1 | . . 1 Best Kill Streak 4 | 1 4 1 Combat Bots Only 4 | . 4 1 Max Kills in Single Turn 2 | 1 2 1 Gunslinging . | . . . Exploded . | . . . Melee . | . . . Uniques/NPCs Destroyed . | . . . Combat | -11 -10 -10 -------- Run | Yrd Mat Sub Hostile Shots Fired 174 | . 102 72 Missed 48 | . 19 29 Hits 126 | . 83 43 Projectile 126 | . 83 43 Damage Taken 1725 | . 822 903 Core 253 | . 135 118 Absorbed by Shields . | . . . Redirected to Shielding 6 | . . 6 Core Remaining (%) 100 | 100 . . Volleys Fired 112 | 4 101 7 Largest 2 | 2 2 2 Hottest 120 | 70 46 120 Shots Fired 218 | 8 198 12 Gun 214 | 8 198 8 Cannon 4 | . . 4 Launcher . | . . . Special . | . . . Kinetic 210 | 4 198 8 Thermal 8 | 4 . 4 Explosive . | . . . Electromagnetic . | . . . Robot Hit Streak 12 | 3 12 5 Robot Miss Streak 5 | 2 5 1 Penetration Max . | . . . Secondary Targets 1 | . 1 . Max Gunslinging Chain 1 | . 1 . Shots Hit Robots 137 | 4 123 10 Core Hits 53 | 2 48 3 Critical Kills 1 | . 1 . Critical Parts Destroyed 1 | . 1 . Critical Strikes 3 | 1 2 . Burn 1 | 1 . . Destroy 2 | . 2 . Melee Attacks . | . . . Impact . | . . . Slashing . | . . . Piercing . | . . . Sneak Attacks . | . . . Combat Hostiles . | . . . Follow-up Attacks . | . . . Damage Inflicted 2085 | 47 1866 172 Guns 2031 | 47 1866 118 Cannons 54 | . . 54 Explosions . | . . . Melee . | . . . Ramming . | . . . Kinetic 1993 | 9 1866 118 Thermal 92 | 38 . 54 Explosive . | . . . Electromagnetic . | . . . Impact . | . . . Slashing . | . . . Piercing . | . . . Highest Corruption . | . . . Average Corruption . | . . . Corruption Purged . | . . . Corruption Blocked . | . . . Overload Shots . | . . . Overflow Damage . | . . . Projectiles . | . . . Explosions . | . . . Melee . | . . . Knockbacks . | . . . Impact . | . . . Kinetic . | . . . Secondary . | . . . Self-Inflicted Damage . | . . . Shots . | . . . Rammed . | . . . Targets Rammed . | . . . Kicked . | . . . Crushed . | . . . Highest Temperature 60 | 60 4 . Average Temperature 14 | 32 1 . Received Heat Transfer 393 | . 285 108 Siege Activations . | . . . Martial Activations . | . . . Shielding Activations . | . . . Robots Disrupted . | . . . Combat Hostiles . | . . . Robots Corrupted . | . . . Combat Hostiles . | . . . Parts Fried . | . . . Impact Corruptions . | . . . Robots Melted . | . . . Combat Hostiles . | . . . Parts Melted 1 | 1 . . Heat Transferred 296 | 185 . 111 Parts Sabotaged . | . . . Parts Stolen . | . . . Parts Stripped . | . . . Power Chain Reactions . | . . . Alert | -11 -10 -10 ------- Run | Yrd Mat Sub Maximum Alert Level 1 | . 1 . Low Security (%) 84 | 100 84 . Level 1 15 | . 15 . Level 2 . | . . . Level 3 . | . . . Level 4 . | . . . Level 5 . | . . . High Security . | . . . Max Security . | . . . Peak Influence 225 | 5 225 . Initial . | . . . Average 108 | 1 111 . Influence Increases 755 | 5 750 . Destroy 0b10 Robot/C 440 | . 440 . Destroy 0b10 Robot/NC 70 | 5 65 . Destroy Leader 110 | . 110 . Successful Hack 8 | . 8 . Select Force Hacks 60 | . 60 . Disable Machine 15 | . 15 . Destroy Structure 7 | . 7 . Lose Combat Pursuer 45 | . 45 . Influence Decreases 755 | 5 546 204 Entered New Map 99 | . . 99 Time Decay 477 | 5 432 40 Lost Part 115 | . 50 65 Purge Threat 64 | . 64 . Squads Dispatched 6 | . 6 . Investigation 4 | . 4 . Extermination . | . . . Reinforcement 2 | . 2 . Assault . | . . . Garrison . | . . . Intercept . | . . . Searches Triggered . | . . . Construction Impeded . | . . . Haulers Reinforced . | . . . Active Scanning Responses . | . . . Cargo Convoy Interrupts . | . . . Stealth | -11 -10 -10 --------- Run | Yrd Mat Sub Distress Signals . | . . . Communications Jammed . | . . . Distress Signals . | . . . Times Spotted 40 | . 33 7 Peak Tracking Total 6 | . 4 6 Tactical Retreats 2 | . 2 . Traps | -11 -10 -10 ------- Run | Yrd Mat Sub Traps Triggered 2 | . 2 . Indirectly . | . . . Trap Hack Attempts . | . . . Triggered . | . . . Disarmed . | . . . Reprogrammed . | . . . Reused . | . . . Traps Extracted . | . . . Installed . | . . . Triggered . | . . . Machines | -11 -10 -10 ---------- Run | Yrd Mat Sub Machines Disabled 1 | . 1 . Max in Single Turn 1 | . 1 . Machines Repaired . | . . . Machines Dismantled . | . . . Machines Sabotaged . | . . . Overloaded Fab Kills . | . . . Hacking | -11 -10 -10 --------- Run | Yrd Mat Sub Machines Accessed 8 | . 8 . Terminals 6 | . 6 . Fabricators . | . . . Repair Stations . | . . . Recycling Units 2 | . 2 . Scanalyzers . | . . . Garrison Access . | . . . Total Hacks 18 | . 18 . Successful 5 | . 5 . Failed 13 | . 13 . Catastrophic 5 | . 5 . Database Lockouts . | . . . Manual 10 | . 10 . Terminals 16 | . 16 . Fabricators . | . . . Repair Stations . | . . . Recycling Units 2 | . 2 . Scanalyzers . | . . . Garrison Access . | . . . Terminal Hacks 3 | . 3 . Unreport Threat 1 | . 1 . Transport Status 1 | . 1 . Recall Investigation 1 | . 1 . Fabricator Hacks . | . . . Repair Station Hacks . | . . . Recycling Unit Hacks . | . . . Scanalyzer . | . . . Garrison Access Hacks . | . . . Unauthorized Hacks 2 | . 2 . Terminals . | . . . Fabricators . | . . . Repair Stations . | . . . Recycling Units 2 | . 2 . Tunnel 2 | . 2 . Scanalyzers . | . . . Garrison Access . | . . . Data Cores Recovered . | . . . Used . | . . . Hacking Detections 5 | . 5 . Full Trace Events 1 | . 1 . Feedback Events . | . . . Feedback Blocked . | . . . Robot Schematics Acquired . | . . . Robots Built . | . . . Authchips . | . . . Time . | . . . Total Robot Build Rating . | . . . Part Schematics Acquired . | . . . Parts Built . | . . . Authchips . | . . . Time . | . . . Total Part Build Rating . | . . . Part Studies Acquired . | . . . Parts Repaired . | . . . Time . | . . . Parts Recycled . | . . . Recycled Matter . | . . . Retrieved Matter . | . . . Retrieved Components . | . . . Parts Scanalyzed . | . . . Part Schematics Acquired . | . . . Parts Damaged . | . . . Bothacking | -11 -10 -10 ------------ Run | Yrd Mat Sub Used RIF Installer . | . . . Robots Hacked . | . . . Non-combat . | . . . Combat . | . . . Robot Hacks Applied . | . . . Relay Couplers Released . | . . . Fabnet Peak Effective % . | . . . Robots Rewired . | . . . Allies Hacked . | . . . Hacks Repelled . | . . . Allies | -11 -10 -10 -------- Run | Yrd Mat Sub Total Allies . | . . . Largest Group . | . . . Highest-Rated Group . | . . . Highest-Rated Ally . | . . . Total Orders . | . . . Ally Attacks . | . . . Total Damage . | . . . Kills . | . . . Allies Corrupted . | . . . Allies Melted . | . . . Intel | -11 -10 -10 ------- Run | Yrd Mat Sub Active Infowar (turns) . | . . . Robot Analysis Total . | . . . Derelict Logs Recovered 1 | . . 1 Drone Launches . | . . . Drone Recoveries . | . . . Exploration | -11 -10 -10 ------------- Run | Yrd Mat Sub Turns Passed 1437 | 44 1288 105 Spaces Moved 740 | 25 660 55 Core 14 | 13 . 1 Treads 35 | . 29 6 Legs . | . . . Wheels 691 | 12 631 48 Hover . | . . . Flight . | . . . Fastest Speed 50 | 50 95 110 Average Speed 127 | 71 128 139 Slowest Speed 400 | 95 240 400 Overloaded Moves . | . . . Propulsion Burnouts . | . . . Robots Hopped . | . . . Potential Cave-ins . | . . . Cave-ins Triggered . | . . . Exploration Rate (%) 35 | 3 93 9 Regions Visited 2 Branch Regions 1 Pre-discovered Areas 3 | . 2 1 Known Exits Taken . | . . . Unknown Exits Taken 2 | 1 1 . Scrap Searched . | . . . Spaces Dug . | . . . Terrain Destroyed . | . . . Melee . | . . . Projectile . | . . . AOE . | . . . Terrain Rammed . | . . . Walls Destroyed . | . . . Machines Disabled . | . . . Actions | -11 -10 -10 --------- Run | Yrd Mat Sub Total 1018 | 42 904 72 Wait 112 | . 109 3 Move 738 | 24 659 55 Hop . | . . . Pick Up 24 | 6 18 . Fast Attach 2 | 2 . . Attach 16 | 5 6 5 Detach . | . . . Swap 10 | 1 7 2 Drop 4 | . 4 . Fire 112 | 4 101 7 Melee . | . . . Ram . | . . . Kick . | . . . Crush . | . . . Escape Stasis . | . . . Rewire . | . . . Trap . | . . . Miscellaneous . | . . . Route ------- -11/Scrapyard -10/Materials (discovered 5 exits: [*Mat x2] / [*Min x2] / [*Sub]) -10/Subcaves History --------- Turn | Location | Event 13 | -11/Scrapyard | Discovered new exit (range 14) 45 | -11/Scrapyard | Entered Materials 93 | -10/Materials | Discovered new exit (range 5) 300 | -10/Materials | Build established: Mutant 512 | -10/Materials | Discovered new exit (range 6) 833 | -10/Materials | Lost 4 parts (1p1n2w) 837 | -10/Materials | Discovered new exit (range 15) 1032 | -10/Materials | Discovered new exit (range 11) 1134 | -10/Materials | Core integrity fell below 50% 1281 | -10/Materials | Discovered new exit (range 4) 1333 | -10/Materials | Entered Subcaves 1348 | -10/Subcaves | Learned location of Mines (-9) 1436 | -10/Subcaves | Core integrity fell below 20% 1438 | -10/Subcaves | Destroyed by IU-C3S(R) with Subdweller Laser Last Messages --------------- Acquired derelict log, extracted data. World map updated: -9/Mines. 1A-D2M(u) builds Twisted Machinery. Hvy. Assault Rifle destroyed. Ion Engine destroyed. Wheel destroyed. Lgt. Treads destroyed. Autogun destroyed. Heat Sink destroyed. V6-FN7(R) destroyed. UY-RUH(R) suffers critical hit (Destroy). 0Q-YLY(R) affixes Scrap Shield Fragment to Scrap Shield. 0Q-YLY(R) destroyed. Subatomizers dissect the Sub. Monowheel. 5J-KUR(R) destroyed. UY-RUH(R) affixes Scrap Shield Fragment to Scrap Shield. Subatomizers dissect the Sub. Monowheel. Beam Cannon destroyed. IU-C3S(R) affixes Scrap Shield Fragment to Scrap Shield. Subatomizers dissect the Sub. Monowheel. Map ----- +----------------------------------------------------+ | ???# # # ####?# ""????????? | | ???## ### ##???# "" #????????? | | ????# ## ####? "" #????????? | | ????# ### ## ## "" " ????????? | | ????# ## # "" ""??????? | | ? ### ""???????? | | ## "#???????? | | # # ### ## ### # ##???????? | | # ## ##### #???????????????? | | # ## ##???# #???????????????? | | ## ## #???# ##??????????????? | | ? ### #####?# ???# #??????????????? | | ## ??## ?????? ??## ##??????????????? | | ? "????## ?????? ##??#### ##???????????????? | | ????????###?????? ###??????# #???????????????? | | ???????????????? ###???????## #???????????????? | | ???????????????? ??????????# #???????????????? | | ???????????????? ??????????## #???????????????? | | ????????????????? ??#####???## #???#???????????? | | ???????????????????## ##?# #?? ????????????? | | ???????????????????"" #### ### #????????????? | | ?????????????????? "" ### # ####### #?? | | ??????????????????"" =[& #??? | | ???????????????????????# RRR [ #??? | | ???????????????????????# &&R # # #??? | | ???????????????????????# @ ## ######??### #?? | | ???????????????????????## ## ##???????????????? | | ????????????????????????#### #????????????????? | | ???????????????????????????# ###????????????????? | | ???????????????????????????####??????????????????? | | ?????????????????????????????????????????????????? | | ?????????????????????????????????????????????????? | | ?????????????????????????????????????????????????? | | ?????????????????????????????????????????????????? | | ?????????????????????????????????????????????????? | | ?????????????????????????????????????????????????? | | ?????????????????????????????????????????????????? | | ?????????????????????????????????????????????????? | | ?????????????????????????????????????????????????? | | ?????????????????????????????????????????????????? | | ?????????????????????????????????????????????????? | | ?????????????????????????????????????????????????? | | ?????????????????????????????????????????????????? | | ?????????????????????????????????????????????????? | | | | | | | | | | | | | +----------------------------------------------------+ Best States ------------- Heat Dissipation 35 Energy Generation 10 Energy Capacity 250 Matter Stores 300 Matter Capacity 300 Sight Range 16 Terrain Scan Density 10 Power Shielding 33 Evasion (%) 50 Recoil Reduction 2 Item Schematics ----------------- None Robot Schematics ------------------ None Fabricated ------------ Nothing Repaired ---------- Nothing Studied --------- None Alien Tech Used ----------------- None Achievements -------------- None Challenges ------------ None Game ------ Seed FieldHardcellComputer Manual? 0 Play Time 00:15:48 Cumulative 37.7 hours Start 2026.01.07 @ 09:01:32 End 2026.01.07 @ 09:16:04 Sessions 1 Manual Loads 0 Difficulty Rogue Special Mode None Game No. 78 Rogue 75 Adventurer 0 Explorer 3 Win Type - Total 0 Types 0/0/0/0/0/0/0/0/0/0 Lore% 18 Gallery% 30 Achievement% 22 Wizard Run 0 Options --------- Layout 0 ASCII 0 Keyboard 0 Movement Mouse Keybinds 0 Fullscreen 2 Font 18/SmallcapsGlow Map View 76x50 Zoom Use 0% Tactical HUD 0 Map Filters NONE Filters NONE Steam 1 RUN: e2d4aa47-6f3c-488d-971e-7b8f343893ee